 Dungeon Crawl Stone Soup version 0.21.1-1-g345015f (webtiles) character file.

8357 n0claF the Cleaver (level 11, -3/101 HPs)
             Began as a Minotaur Gladiator on June 22, 2018.
             Was a Follower of Okawaru.
             Slain by an eight-headed hydra (4 damage)
             ... on level 11 of the Dungeon.
             The game lasted 00:30:11 (9210 turns).

n0claF the Cleaver (Minotaur Gladiator)             Turns: 9210, Time: 00:30:11

Health: -3/101     AC: 17    Str: 22    XL:     11   Next: 8%
Magic:  10/10      EV: 16    Int:  5    God:    Okawaru [*.....]
Gold:   724        SH:  0    Dex: 12    Spells: 10/10 levels left

rFire    . . .     SeeInvis +   U - +0 mace
rCold    . . .     Gourm    .   (no shield)
rNeg     . . .     Faith    .   L - +0 plate armour
rPois    .         Spirit   .   I - +0 hat
rElec    .         Reflect  .   m - +0 cloak
rCorr    .         Harm     +   T - +0 pair of gloves
MR       .....                  (no boots)
Stlth    ..........             G - amulet of harm
HPRegen  0.26/turn              b - +5 ring of evasion
MPRegen  0.12/turn              z - ring of see invisible

@: no status effects
A: retaliatory headbutt, horns 2
a: Heroism, Renounce Religion


You were on level 11 of the Dungeon.
You worshipped Okawaru.
Okawaru was aware of your devotion.
You were hungry.

You visited 2 branches of the dungeon, and saw 12 of its levels.
You also visited: Ossuary.

You collected 724 gold pieces.

Inventory:

Hand Weapons
 a - a +1 war axe
 J - a +1 hand axe of flaming
   (You took it off an orc on level 8 of the Dungeon)
 U - a +0 mace (weapon)
   (You took it off a gargoyle on level 11 of the Dungeon)
Missiles
 d - a throwing net (quivered) {!f}
Armour
 m - a +0 cloak (worn)
   (You took it off Crazy Yiuf on level 3 of the Dungeon)
 I - a +0 hat (worn)
 L - a +0 plate armour (worn)
   (You found it on level 8 of the Dungeon)
 T - a +0 pair of gloves (worn)
   (You found it on level 11 of the Dungeon)
Jewellery
 b - a +5 ring of evasion (left hand)
   (You found it on level 2 of the Dungeon)
 k - an uncursed ring of positive energy {unknown}
   (You found it on level 9 of the Dungeon)
 z - a ring of see invisible (right hand)
   (You found it on level 8 of the Dungeon)
 C - an uncursed ring of resist corrosion
   (You found it on level 6 of the Dungeon)
 D - an uncursed ring of fire
   (You found it on level 6 of the Dungeon)
 G - an amulet of harm (around neck)
   (You found it in an ossuary)
 H - an uncursed ring of poison resistance
   (You found it on level 8 of the Dungeon)
 N - an uncursed amulet of rage {unknown}
   (You found it on level 10 of the Dungeon)
Wands
 c - a wand of disintegration (10) {!d}
   (You found it on level 10 of the Dungeon)
 f - a wand of scattershot (4)
   (You found it on level 5 of the Dungeon)
 t - a wand of flame (40)
   (You found it on level 7 of the Dungeon)
 u - a wand of paralysis (12)
   (You found it on level 7 of the Dungeon)
 v - a wand of digging (30)
   (You found it on level 5 of the Dungeon)
 x - a wand of acid (15)
   (You found it on level 6 of the Dungeon)
Scrolls
 g - 5 scrolls of magic mapping
 h - 5 scrolls of remove curse {@r2}
 i - 4 scrolls of enchant weapon
 j - 3 scrolls of blinking
 l - 2 scrolls of enchant armour {unknown}
 n - 10 scrolls of identify {@r1}
 o - 2 scrolls of amnesia {unknown}
 y - 6 scrolls of teleportation {@r4}
 K - 3 scrolls of immolation {unknown}
 P - a scroll of noise {unknown}
 Q - a scroll of summoning {unknown}
 R - a scroll of fear {unknown}
Potions
 p - 3 potions of brilliance {unknown}
 q - 7 potions of curing {unknown}
 r - a potion of berserk rage
 s - 2 potions of might {unknown}
 w - a potion of invisibility
 A - a potion of lignification {unknown}
 B - 2 potions of resistance {unknown}
 E - 2 potions of magic {unknown}
 F - a potion of ambrosia
 M - a potion of flight {unknown}
Miscellaneous
 S - a phantom mirror
Comestibles
 e - 19 rations {!d}
 O - 6 chunks of flesh


   Skills:
 + Level 10.4 Fighting
 * Level 11.4 Axes
 - Level 2.0 Throwing
 + Level 10.0 Armour
 + Level 9.8 Dodging


You had 10 spell levels left.
You didn't know any spells.

Dungeon Overview and Level Annotations

Branches:
Dungeon (11/15)            Temple (1/1) D:5
   Lair: D:8-11         Orc: D:9-12

Altars:
Ashenzari
Cheibriados
Dithmenos
Elyvilon
Fedhas
Gozag
Hepliaklqana
Kikubaaqudgha
Makhleb
Nemelex Xobeh
Okawaru
Qazlal
Ru
Sif Muna
Trog
Uskayaw
Vehumet
Wu Jian
Xom
Yredelemnul
Zin
The Shining One

Shops:
D:4 }   D:5 }   D:7 (

Annotations:
D:11 exclusion: 2 oklob plants


Innate Abilities, Weirdness & Mutations

You reflexively headbutt those who attack you in melee.
You have a pair of horns on your head.


Message History

The eight-headed hydra completely misses you.
You gain the combat prowess of a mighty hero.
The eight-headed hydra misses you. You furiously retaliate!
You headbutt the eight-headed hydra!!
The eight-headed hydra closely misses you.
The eight-headed hydra bites you!
* * * LOW HITPOINT WARNING * * *
The eight-headed hydra bites you!
* * * LOW HITPOINT WARNING * * *
The eight-headed hydra barely misses you.
The eight-headed hydra bites you but does no damage. x2
The eight-headed hydra barely misses you.
You completely miss the eight-headed hydra.
You hit the eight-headed hydra but do no damage.
The eight-headed hydra bites you but does no damage.
The eight-headed hydra bites you.
* * * LOW HITPOINT WARNING * * *
The eight-headed hydra bites you but does no damage.
The eight-headed hydra misses you. The eight-headed hydra bites you!
* * * LOW HITPOINT WARNING * * *
The eight-headed hydra bites you but does no damage. x2
The eight-headed hydra bites you!
* * * LOW HITPOINT WARNING * * *
You hit the eight-headed hydra but do no damage.
The eight-headed hydra bites you but does no damage.
The eight-headed hydra bites you.
* * * LOW HITPOINT WARNING * * *
The eight-headed hydra completely misses you.
The eight-headed hydra barely misses you.
The eight-headed hydra closely misses you.
The eight-headed hydra bites you but does no damage. x3
An eight-headed hydra is nearby!
You feel like a meek peon again. The eight-headed hydra misses you.
The eight-headed hydra bites you but does no damage.
The eight-headed hydra completely misses you.
The eight-headed hydra misses you.
The eight-headed hydra bites you but does no damage. x2
The eight-headed hydra misses you.
The eight-headed hydra bites you but does no damage.
You see here a giant club.
You enter the shallow water.
Moving in this stuff is going to be slow.
The eight-headed hydra bites you!
* * * LOW HITPOINT WARNING * * *
The eight-headed hydra bites you but does no damage.
The eight-headed hydra bites you.
* * * LOW HITPOINT WARNING * * *
The eight-headed hydra bites you.
You die...

############################# ..#
#...........................# ..#
#..#####..#######...........# ..#
#..# ##.#..≈≈≈..#.......<..# ..#
#..# ##.#..≈...≈..#.........# ..#
#..# #.#...D@_.≈...#........# ..#
#..####)#..≈...≈..#.......... ..#
#........#..≈≈≈..#...........
.>###.........#######..........##
.................. ............#
.......#...###.... #...#######.#
.......#.#.# ..## .#
............. ... ...........###
...


You could see an eight-headed hydra.

Vanquished Creatures
  2 two-headed ogres (D:9)
  Pikel (D:5)
  Maurice (D:8)
  Psyche (D:8)
  A gargoyle (D:11)
  Grinder (D:3)
  Prince Ribbit (D:7)
  A hippogriff (D:6)
  The ghost of sking99 the Ruffian, an amateur TrMo (D:4)
  A spriggan (D:9)
  A wyvern (D:11)
  A steam dragon (D:9)
  A water moccasin (D:8)
  A black bear (D:6)
  A slave (D:5)
  4 phantoms
  5 ogres
  2 ice beasts
  3 sky beasts
  4 centaurs
  8 bullfrogs
  10 scorpions
  6 killer bees (D:8)
  2 crimson imps
  2 centaur zombies (Ossuary)
  A bullfrog zombie (D:9)
  Crazy Yiuf (D:3)
  2 jellies
  7 orc priests
  4 hounds
  A human zombie (Ossuary)
  5 bullfrog skeletons
  3 iguanas
  6 orc wizards
  7 worker ants
  2 big kobold zombies (Ossuary)
  A hound zombie (D:10)
  A hound skeleton (D:6)
  3 mummies (Ossuary)
  A howler monkey zombie (D:7)
  A worker ant zombie (D:9)
  A howler monkey skeleton (D:10)
  9 adders
  5 scorpion zombies (Ossuary)
  2 shadow imps (D:7)
  3 oozes
  An adder skeleton (D:6)
  A worm (D:3)
  A dart slug (D:4)
  4 leopard geckos
  24 orcs
  A ball python (D:5)
  6 giant cockroaches
  3 gnoll zombies (Ossuary)
  11 goblins
  7 hobgoblins
  12 jackals
  6 quokkas
  2 bats (D:3)
  4 frilled lizards
  A goblin zombie (Ossuary)
  3 hobgoblin zombies (Ossuary)
  6 kobolds
  2 kobold zombies (Ossuary)
  A leopard gecko skeleton (D:6)
  A leopard gecko zombie (D:6)
  3 orc zombies (Ossuary)
  A quokka zombie (D:5)
  6 rats
  A plant (D:5)
236 creatures vanquished.

Vanquished Creatures (others)
  A slave (D:5)
  A hound zombie (D:5)
2 creatures vanquished.

Grand Total: 238 creatures vanquished

Notes
Turn   | Place    | Note
-------+----------+-------------------------------------------
     0 | D:1      | n0claF the Minotaur Gladiator began the quest for the Orb.
     0 | D:1      | Reached XP level 1. HP: 18/18 MP: 0/0
   660 | D:2      | Reached skill level 1 in Armour
   660 | D:2      | Reached XP level 2. HP: 18/25 MP: 1/1
   723 | D:2      | Found a deep blue altar of Sif Muna.
   759 | D:2      | Reached skill level 4 in Axes
   852 | D:2      | Reached XP level 3. HP: 29/31 MP: 2/2
  1441 | D:3      | Reached XP level 4. HP: 31/38 MP: 3/3
  1669 | D:3      | Noticed a sky beast
  1679 | D:3      | HP: 2/40 [sky beast (6)]
  1717 | D:3      | Killed a sky beast
  1717 | D:3      | Reached XP level 5. HP: 9/46 MP: 4/4
  2011 | D:3      | Noticed an ice beast
  2030 | D:3      | Killed an ice beast
  2030 | D:3      | Reached skill level 5 in Axes
  2030 | D:3      | Reached XP level 6. HP: 21/53 MP: 5/5
  2332 | D:3      | Found a runed door.
  2429 | D:3      | Noticed Grinder
  2457 | D:3      | Paralysed by Grinder for 5 turns
  2462 | D:3      | Killed Grinder
  2462 | D:3      | Reached skill level 5 in Fighting
  2462 | D:3      | Reached skill level 5 in Dodging
  2462 | D:3      | Reached XP level 7. HP: 40/61 MP: 6/6
  2709 | D:3      | Noticed Crazy Yiuf
  2714 | D:3      | Killed Crazy Yiuf
  2953 | D:4      | Found Qowi's Gadget Shoppe.
  3127 | D:4      | Found an opulent altar of Gozag.
  3336 | D:4      | Noticed sking99's ghost (amateur TrMo)
  3355 | D:4      | Killed sking99's ghost
  3355 | D:4      | Reached skill level 6 in Axes
  3757 | D:5      | Entered Level 5 of the Dungeon
  3757 | D:5      | Found a sand-covered staircase.
  3773 | Ossuary  | Entered an ossuary
  3876 | Ossuary  | Reached skill level 5 in Armour
  3895 | Ossuary  | Reached XP level 8. HP: 53/70 MP: 7/7
  4122 | Ossuary  | Reached skill level 7 in Axes
  4303 | D:5      | Found a sparkling altar of Nemelex Xobeh.
  4398 | D:5      | Found a staircase to the Ecumenical Temple.
  4414 | Temple   | Entered the Ecumenical Temple
  4835 | D:5      | Noticed Pikel
  4845 | D:5      | Killed Pikel
  4845 | D:5      | Reached skill level 8 in Axes
  4845 | D:5      | Reached XP level 9. HP: 59/79 MP: 8/8
  5043 | D:5      | Found a glowing silver altar of Zin.
  5044 | D:5      | Found a white marble altar of Elyvilon.
  5300 | D:5      | Found a glowing golden altar of the Shining One.
  5435 | D:5      | Found Wuhedd's Gadget Shoppe.
  5528 | D:6      | Found a basalt altar of Yredelemnul.
  6275 | D:7      | Reached skill level 9 in Axes
  6303 | D:7      | Noticed Prince Ribbit
  6339 | D:7      | Killed Prince Ribbit
  7032 | D:7      | Found Feurrit's Weapon Shoppe.
  7084 | D:8      | Reached XP level 10. HP: 77/91 MP: 9/9
  7149 | D:8      | Noticed Psyche
  7160 | D:8      | Killed Psyche
  7470 | D:8      | Noticed Maurice
  7477 | D:8      | Killed Maurice
  7792 | D:9      | Reached skill level 10 in Axes
  8041 | D:9      | Found a sacrificial altar of Ru.
  8041 | D:9      | Found a stormy altar of Qazlal.
  8043 | D:9      | Found a shimmering altar of Xom.
  8065 | D:9      | Found an iron altar of Okawaru.
  8073 | D:9      | Became a worshipper of Warmaster Okawaru
  8110 | D:9      | Noticed a two-headed ogre
  8122 | D:9      | Killed a two-headed ogre
  8122 | D:9      | Reached skill level 10 in Fighting
  8188 | D:9      | Noticed a two-headed ogre
  8195 | D:9      | Killed a two-headed ogre
  8195 | D:9      | Reached * piety under Okawaru
  8195 | D:9      | Reached skill level 11 in Axes
  8209 | D:9      | Found a shattered altar of Ashenzari.
  8333 | D:9      | Found a shadowy altar of Dithmenos.
  8490 | D:10     | Entered Level 10 of the Dungeon
  8772 | D:10     | Reached XP level 11. HP: 79/100 MP: 10/10
  8951 | D:11     | Found a sacrificial altar of Ru.
  9023 | D:11     | Reached skill level 10 in Armour
  9031 | D:11     | Noticed an oklob plant
  9031 | D:11     | Noticed an oklob plant
  9167 | D:11     | Noticed an eight-headed hydra
  9210 | D:11     | HP: 4/101 [eight-headed hydra (9)]
  9210 | D:11     | HP: 1/101 [eight-headed hydra (3)]
  9210 | D:11     | Slain by an eight-headed hydra

Skill      XL: |  1  2  3  4  5  6  7  8  9 10 11 |
---------------+----------------------------------+-----
Armour         | 1 2 3 4 5 6 8 9 10 | 10.0
Axes           | 4 5 6 8 9 11 | 11.4
Fighting       | 3 4 5 6 7 9 10 | 10.4
Dodging        | 4 5 6 7 8 9 |  9.8
Throwing       | |  2.0

Action                   |  1- 3 |  4- 6 |  7- 9 | 10-12 || total
-------------------------+-------+-------+-------+-------++-------
Melee: War axe           |    71 |   110 |   317 |   171 ||   669
       Headbutt          |    11 |    16 |    70 |    34 ||   131
       Mace              |       |       |       |     3 ||     3
Throw: Throwing net      |       |     1 |       |     3 ||     4
Invok: Heroism           |       |       |       |     1 ||     1
  Use: Potion            |       |     3 |       |       ||     3
       Scroll            |       |       |     6 |       ||     6
 Stab: Held in net/web   |       |       |       |     3 ||     3
  Eat: Chunk             |     2 |     3 |    12 |     6 ||    23
       Ration            |       |       |     1 |       ||     1
Armor: Chain mail        |    48 |    59 |    85 |    18 ||   210
       Plate armour      |       |       |       |    44 ||    44
Dodge: Dodged            |    26 |    37 |   241 |   145 ||   449
